 Dungeon Crawl Stone Soup version 0.29.0-13-gc9e81de378 (webtiles) character file.

Game seed: 2482425142038705507

16748 concernfroge the Basher (level 12, -8/97 HPs)
             Began as a Mummy Monk on Sept 11, 2022.
             Was an Elder of Wu Jian.
             Mangled by a six-headed hydra (12 damage)
             ... on level 1 of the Lair of Beasts.
             The game lasted 00:48:11 (17061 turns).

concernfroge the Basher (Mummy Monk)               Turns: 17061, Time: 00:48:11

Health: -8/97      AC: 14    Str: 25    XL:     12   Next: 12%
Magic:  12/12      EV: 12    Int:  9    God:    Wu Jian [****..]
Gold:   395        SH:  6    Dex: 21    Spells: 11/11 levels left

rFire   . . .      SeeInvis +   b - +1 scimitar (flame)
rCold   + . .      Faith    .   f - +2 buckler
rNeg    + + +      Spirit   .   w - +3 ring mail {rF+}
rPois   ∞          Reflect  .   g - +0 helmet {SInv}
rElec   .          Harm     .   p - +0 cloak
rCorr   .          Rampage  .   h - +1 pair of gloves
Will    +....                   r - +1 pair of boots
Stlth   ++........              (no amulet)
HPRegen 0.26/turn               t - +6 ring of dexterity
MPRegen 0.13/turn               m - +6 ring of strength

@: exhausted, about to teleport
A: cold resistance 1, negative energy resistance 3, torment resistance 2, heat
vulnerability 1, in touch with death 1, no potions
a: Renounce Religion, Wall Jump, Serpent's Lash


You were on level 1 of the Lair of Beasts.
You worshipped Wu Jian.
Wu Jian was greatly pleased with you.
You visited 3 branches of the dungeon, and saw 13 of its levels.
You also visited: Sewer.

You collected 544 gold pieces.
You spent 149 gold pieces at shops.

Inventory:

Hand Weapons
 a - a +4 vorpal flail
 b - a +1 scimitar of flaming (weapon)
Missiles
 z - 2 boomerangs (quivered)
 C - 4 poisoned darts
Armour
 f - a +2 buckler (worn)
 g - a +0 helmet of see invisible (worn)
 h - a +1 pair of gloves (worn)
 p - a +0 cloak (worn)
 r - a +1 pair of boots (worn)
 w - a +3 ring mail of fire resistance (worn)
 y - a +2 scale mail of willpower
 B - +0 acid dragon scales
Magical Staves
 s - a staff of cold
Jewellery
 m - a +6 ring of strength (right hand)
 t - a +6 ring of dexterity (left hand)
Wands
 d - a wand of iceblast (2)
 l - a wand of paralysis (16)
 n - a wand of polymorph (8)
 q - a wand of flame (7)
 u - a wand of light (3)
Scrolls
 c - 2 scrolls of magic mapping
 e - 5 scrolls of noise
 i - a scroll of brand weapon
 j - 2 scrolls of teleportation
 k - a scroll of torment
 o - a scroll of identify {unknown}
 v - a scroll of immolation
 x - 2 scrolls of vulnerability
 A - a scroll of silence


   Skills:
 - Level 10.0 Fighting
 - Level 14.0 Maces & Flails
 - Level 2.4 Polearms
 + Level 1.7 Throwing
 + Level 1.8 Armour
 + Level 3.2 Dodging
 + Level 2.7 Stealth
 + Level 1.8 Evocations


You had 11 spell levels left.
You didn't know any spells.
Your spell library contained the following spells:

 Spells                   Type           Power      Damage    Failure   Level
 Ozocubu's Armour         Ice            0%         N/A       95%         3
 Fireball                 Conj/Fire      0%         3d3       100%        5
 Starburst                Conj/Fire      0%         6d3       100%        6
 Ozocubu's Refrigeration  Ice            0%         4d7       100%        7
 Ignition                 Fire           0%         3d3       100%        8


Dungeon Overview and Level Annotations

Branches:
Dungeon (11/15)            Temple (1/1) D:6            Lair (1/5) D:8
    Orc (0/2) D:10          Sewer (visited)

Altars:
Ashenzari
Cheibriados
Dithmenos
Fedhas
Gozag
Hepliaklqana
Kikubaaqudgha
Makhleb
Nemelex Xobeh
Okawaru
Qazlal
Ru
Sif Muna
Trog
Uskayaw
Vehumet
Wu Jian
Xom
Yredelemnul

Shops:
D:1 (   D:6 [

Annotations:
D:4 1 runed translucent door, chamandro's ghost, amateur DsAK
D:9 1 runed translucent door


Innate Abilities, Weirdness & Mutations

You are immune to poison.
Your flesh is cold resistant. (rC+)
You are immune to negative energy. (rN+++)
You are immune to unholy pain and torment.
You are vulnerable to heat. (rF-)
You are in touch with the powers of death.
You do not drink.


Message History

The water moccasin bites you but does no damage.
You block the six-headed hydra's attack. x2
The six-headed hydra bites you.
The six-headed hydra closely misses you.
You block the six-headed hydra's attack.
The six-headed hydra bites you! The water moccasin barely misses you.
The six-headed hydra barely misses you.
The six-headed hydra bites you but does no damage. x2
The six-headed hydra barely misses you. The six-headed hydra bites you!
The six-headed hydra bites you but does no damage.
You barely miss the six-headed hydra.
The six-headed hydra is moderately wounded.
The water moccasin bites you but does no damage.
The six-headed hydra bites you! The six-headed hydra bites you.
The six-headed hydra bites you!
The six-headed hydra bites you but does no damage.
The six-headed hydra bites you.
You block the six-headed hydra's attack.
The water moccasin bites you.
As you read the scroll of teleportation, it crumbles to dust.
You feel strangely unstable.
The six-headed hydra bites you but does no damage.
The six-headed hydra closely misses you.
The six-headed hydra bites you!
The six-headed hydra bites you but does no damage.
The six-headed hydra barely misses you.
The six-headed hydra bites you but does no damage.
You block the water moccasin's attack.
The six-headed hydra attacks as you move away!
The six-headed hydra bites you!
* * * LOW HITPOINT WARNING * * *
The six-headed hydra bites you.
* * * LOW HITPOINT WARNING * * *
The six-headed hydra bites you.
* * * LOW HITPOINT WARNING * * *
The six-headed hydra bites you!
* * * LOW HITPOINT WARNING * * *
You block the six-headed hydra's attack.
The six-headed hydra bites you!
You die...

##...##
##........
#.....#
#....##..#
##....# #.....#
..# #....####
#......# ..
##...P#.# #......
#.......##.......
#####.P.#........
##............
#.....@.......
##....D.......
#....S........
###P.#......$.
#..........#
#...........#
##..........#
#..........#
#..........


You could see a six-headed hydra and a water moccasin.

Vanquished Creatures
  2 two-headed ogres
  The ghost of Pooter the Cleaver, a novice MiFi of Okawaru (D:10)
  Erica (D:8)
  A death yak (D:8)
  A manticore (D:9)
  Joseph (D:7)
  A cane toad (D:8)
  Maggie (D:8)
  A freezing wraith (D:10)
  A troll (D:11)
  A hornet (D:11)
  3 slime creatures (D:11)
  27 yaks
  2 shadows
  A vampire (D:9)
  Eustachio (D:5)
  A steam dragon (D:9)
  A golden eye (shapeshifter) (D:10)
  7 vampire mosquitoes
  An acid dragon (D:11)
  A water moccasin (D:8)
  2 orc warriors (D:9)
  A sky beast (D:7)
  2 black bears
  An ice beast (D:5)
  A centaur (D:9)
  4 wolves (D:8)
  2 ogres (D:5)
  A phantom (D:5)
  A necrophage (D:4)
  2 bullfrogs
  6 scorpions
  4 wights (D:7)
  16 killer bees
  6 electric eels
  6 howler monkeys
  4 hounds
  2 jellies
  6 orc priests
  A gnoll bouda (D:9)
  3 iguanas
  13 orc wizards
  7 gnolls
  13 adders
  5 river rats
  A shadow imp (D:5)
  An ufetubus (D:6)
  3 worms
  3 dart slugs
  23 orcs
  14 ball pythons
  5 endoplasms
  4 giant cockroaches
  5 hobgoblins
  7 jackals
  5 quokkas
  10 bats
  5 frilled lizards
  5 goblins
  12 kobolds
  5 rats
274 creatures vanquished.

Vanquished Creatures (collateral kills)
  Nergalle (D:11)
  2 kobold demonologists (D:11)
  2 wyverns
  A kobold brigand (D:11)
  3 kobolds (D:11)
9 creatures vanquished.

Vanquished Creatures (others)
  4 fungi
  10 plants
14 creatures vanquished.

Grand Total: 297 creatures vanquished

Notes
Turn   | Place    | Note
-------+----------+-------------------------------------------
     0 | D:1      | concernfroge the Mummy Monk began the quest for the Orb.
     0 | D:1      | Reached XP level 1. HP: 18/18 MP: 1/1
   295 | D:1      | Reached XP level 2. HP: 24/24 MP: 2/2
   372 | D:1      | Found Qibergh's Weapon Shoppe.
   418 | D:1      | Found a faded altar of an unknown god.
  1135 | D:2      | Gained mutation: You are in touch with the powers of death.
                  | [Mummy growth]
  1135 | D:2      | Reached XP level 3. HP: 15/30 MP: 3/3
  2472 | D:3      | Reached skill level 5 in Fighting
  2472 | D:3      | Reached XP level 4. HP: 37/39 MP: 4/4
  2563 | D:3      | Found a glowing drain.
  2570 | Sewer    | Entered a sewer
  2973 | Sewer    | Reached XP level 5. HP: 46/46 MP: 5/5
  4508 | D:4      | Reached XP level 6. HP: 53/53 MP: 6/6
  4514 | D:4      | Noticed chamandro's ghost (amateur DsAK)
  4515 | D:4      | Found a runed translucent door.
  4573 | D:4      | Found an ornate altar of the Wu Jian Council.
  4589 | D:4      | Became a worshipper of the Wu Jian Council
  4589 | D:4      | Reached * piety under Wu Jian
  4589 | D:4      | Reached ** piety under Wu Jian
  5781 | D:5      | Entered Level 5 of the Dungeon
  5824 | D:5      | Reached XP level 7. HP: 60/62 MP: 7/7
  6409 | D:5      | Reached XP level 8. HP: 61/72 MP: 8/8
  6503 | D:5      | Reached skill level 10 in Fighting
  6503 | D:5      | Reached skill level 1 in Maces & Flails
  6558 | D:5      | Noticed Eustachio
  6561 | D:5      | Killed Eustachio
  6562 | D:5      | Reached skill level 2 in Maces & Flails
  6786 | D:5      | Reached skill level 3 in Maces & Flails
  7486 | D:6      | Reached skill level 4 in Maces & Flails
  7605 | D:6      | Reached *** piety under Wu Jian
  7658 | D:6      | Found Xolat's Armour Emporium.
  7670 | D:6      | Bought a +0 helmet of see invisible for 149 gold pieces
  7752 | D:6      | Reached skill level 5 in Maces & Flails
  7808 | D:6      | Found a radiant altar of Vehumet.
  8119 | D:6      | Found a staircase to the Ecumenical Temple.
  8127 | Temple   | Entered the Ecumenical Temple
  8419 | D:7      | Noticed Joseph
  8430 | D:7      | Killed Joseph
  8431 | D:7      | Reached skill level 6 in Maces & Flails
  8431 | D:7      | Reached XP level 9. HP: 78/78 MP: 9/9
  8890 | D:7      | Reached skill level 7 in Maces & Flails
 10110 | D:8      | Noticed Erica
 10122 | D:8      | Reached skill level 8 in Maces & Flails
 10123 | D:8      | Killed Erica
 10305 | D:8      | Noticed Maggie
 10318 | D:8      | Noticed a death yak
 10608 | D:8      | Found a burning altar of Makhleb.
 10608 | D:8      | Found a sparkling altar of Nemelex Xobeh.
 10625 | D:8      | Found a staircase to the Lair.
 10690 | D:8      | Reached skill level 9 in Maces & Flails
 10791 | D:8      | Reached XP level 10. HP: 85/85 MP: 10/10
 11245 | D:8      | Reached skill level 10 in Maces & Flails
 11250 | D:8      | Reached **** piety under Wu Jian
 11252 | D:8      | Killed a death yak
 11398 | D:8      | Killed Maggie
 11423 | D:8      | Reached skill level 11 in Maces & Flails
 12947 | D:9      | Reached XP level 11. HP: 90/90 MP: 11/11
 12965 | D:9      | Reached skill level 12 in Maces & Flails
 13214 | D:9      | Found a runed translucent door.
 13215 | D:9      | Noticed a deep elf pyromancer
 13587 | D:9      | Noticed a tengu warrior
 13702 | D:10     | Entered Level 10 of the Dungeon
 13812 | D:10     | Found a staircase to the Orcish Mines.
 13870 | D:10     | Found a transporter.
 13874 | D:10     | Noticed Pooter's ghost (novice MiFi)
 13967 | D:10     | Noticed a two-headed ogre
 13977 | D:10     | Killed a two-headed ogre
 14071 | D:10     | Found a transporter.
 14736 | D:10     | Killed Pooter's ghost
 14737 | D:10     | Reached skill level 13 in Maces & Flails
 14930 | D:11     | Noticed Nergalle
 14939 | D:11     | Killed Nergalle
 14947 | D:11     | Reached ***** piety under Wu Jian
 15497 | D:11     | Noticed a two-headed ogre
 15767 | D:11     | Killed a two-headed ogre
 15768 | D:11     | Reached skill level 14 in Maces & Flails
 15931 | D:11     | Reached skill level 1 in Armour
 15931 | D:11     | Reached skill level 1 in Evocations
 16338 | Lair:1   | Entered Level 1 of the Lair of Beasts
 16345 | Lair:1   | Reached skill level 1 in Throwing
 16481 | D:8      | Reached XP level 12. HP: 75/97 MP: 12/12
 17050 | Lair:1   | Noticed an eight-headed hydra
 17061 | Lair:1   | HP: 4/97 [six-headed hydra (12)]
 17061 | Lair:1   | Mangled by a six-headed hydra

Illustrated notes

Levels and vault maps discovered:
D:1:      dpeg_arrival_castle, layout_loops_ring,
          hellmonk_ecumenical_altar_run_dry, serial_shops,
          nicolae_shop_statue_plus, minmay_fountain_box
D:2:      kb_forest_paths, layout_basic
D:3:      layout_loops_ring, lightli_sewer_entry_pipes, fountainhead,
          kennysheep_generic_room_9
D:4:      layout_cave_pods, nicolae_overflow_crystal_walls,
          nicolae_wu_jian_wuxing_cycle, hellmonk_ghost_happy_afterlife
D:5:      layout_layer_cave, uniq_eustachio
D:6:      layout_gridville, mainiacjoe_overflow_alcove_1,
          minmay_temple_entry_statues_fountains, serial_shops, shop,
          serial_glass, glass_columns_a, glass_columns_c, dreamdust_gnoll_farm
D:7:      layout_loops_corners, serial_bayou, serial_bayou_lake_a,
          serial_bayou_pond_e, serial_bayou_lagoon_a, serial_bayou_pond_d,
          eino_tiny_chamber, uniq_joseph
D:8:      argonaut_augean_stables, layout_basic, grunt_temple_overflow_open,
          dpeg_oklobed_lair, minmay_misc_feat_enclosed, uniq_erica, uniq_maggie
D:9:      layout_layer_cave, mainiacjoe_overflow_alcove_4,
          chequers_serial_rivers_small_3, minmay_misc_feat_tower, minivault_13
D:10:     layout_irregular_city, orc_0_dummy, gammafunk_ghost_arena
D:11:     layout_layer_cave, uniq_nergalle
Temple:   eino_temple_rhombus
Lair:1:   layout_gridlike, grunt_megastairs_1, uniq_gastronok, uniq_harold

Skill      XL: |  1  2  3  4  5  6  7  8  9 10 11 12 |
---------------+-------------------------------------+-----
Fighting       | 4 5 6 8 9 10 | 10.0
Maces & Flails | 6 9 11 14 | 14.0
Stealth        | 2 |  2.7
Armour         | 1 |  1.8
Evocations     | 1 |  1.8
Throwing       | 1 |  1.7
Dodging        | 3 |  3.2
Polearms       | |  2.4

Action                   |  1- 3 |  4- 6 |  7- 9 | 10-12 || total
-------------------------+-------+-------+-------+-------++-------
Melee: Spear             |   154 |   222 |       |       ||   376
       Whip              |    43 |    41 |       |       ||    84
       Flail             |       |    22 |   246 |   382 ||   650
       Scimitar          |       |       |       |     4 ||     4
Throw: Dart              |       |     4 |    53 |     5 ||    62
       Boomerang         |       |       |     5 |    37 ||    42
Invok: Lunge             |       |     3 |    23 |     8 ||    34
       Whirlwind         |       |       |     4 |    11 ||    15
       Serpent's Lash    |       |       |     1 |     6 ||     7
 Abil: Wall Jump         |       |       |       |     3 ||     3
Evoke: Wand              |       |     4 |    15 |    32 ||    51
  Use: Scroll            |       |     7 |    11 |     7 ||    25
 Stab: Paralysed         |       |       |    11 |    17 ||    28
       Distracted        |       |       |     1 |       ||     1
       Sleeping          |       |       |       |     2 ||     2
       Invisible         |       |       |       |     1 ||     1
Armor: Ring mail         |     5 |       |    32 |   129 ||   166
       Robe              |     2 |       |       |       ||     2
       Chain mail        |    62 |   172 |    75 |       ||   309
Dodge: Dodged            |    40 |    75 |    69 |   158 ||   342
Block: Buckler           |    18 |    74 |    59 |   104 ||   255
